 Dungeon Crawl Stone Soup version 0.28-a0-1190-g77e1c55843 (webtiles) character file.

Game seed: 9200639567385739453

3091 SmokeWeed the Skirmisher (level 9, -17/68 HPs)
             Began as a Demonspawn Gladiator on Dec 18, 2021.
             Was a Believer of Qazlal.
             Demolished by a boulder beetle (30 damage)
             ... on level 7 of the Dungeon.
             The game lasted 00:28:49 (7417 turns).

SmokeWeed the Skirmisher (Demonspawn Gladiator)     Turns: 7417, Time: 00:28:50

Health: -17/68     AC: 13    Str: 18    XL:     9   Next: 59%
Magic:  14/14      EV: 10    Int: 11    God:    Qazlal [**....]
Gold:   1614       SH: 12    Dex: 14    Spells: 11/15 levels left

rFire   + . .      SeeInvis .   s - +3 flail (drain)
rCold   . . .      Faith    +   y - +0 kite shield
rNeg    . . .      Spirit   .   F - +2 ring mail {rPois}
rPois   +          Reflect  .   c - +1 helmet
rElec   .          Harm     .   (no cloak)
rCorr   .          Rampage  .   (no gloves)
Will    .....                   (no boots)
Stlth   +.........              A - amulet of faith
HPRegen 0.21/turn               f - ring of protection from fire
MPRegen 0.14/turn               (no ring)

@: no status effects
A: icy blue scales 2, demonic magic 1
a: Renounce Religion, Upheaval


You were on level 7 of the Dungeon.
You worshipped Qazlal.
Qazlal was pleased with you.
You visited 2 branches of the dungeon, and saw 8 of its levels.

You collected 1614 gold pieces.

Inventory:

Hand Weapons
 s - a +3 flail of draining (weapon)
Missiles
 e - 234 stones
 l - a throwing net
 o - 26 sling bullets
 q - 58 poisoned darts
 w - 4 boomerangs
Armour
 c - a +1 helmet (worn)
 t - a +3 leather armour of fire resistance
 y - a +0 kite shield (worn)
 F - a +2 ring mail of poison resistance (worn)
Jewellery
 f - a ring of protection from fire (left hand)
 A - an amulet of faith (around neck)
Wands
 u - a wand of polymorph (3)
 E - a wand of iceblast (5) (quivered)
Scrolls
 g - a scroll of magic mapping
 h - a scroll of enchant armour
 p - a scroll of vulnerability
 v - a scroll of summoning {unknown}
 z - 3 scrolls of identify
Potions
 a - a potion of mutation {unknown}
 d - a potion of degeneration {unknown}
 i - a potion of might {unknown}
 j - a potion of berserk rage {unknown}
 n - a potion of haste {unknown}
 r - a potion of magic {unknown}
 x - a potion of attraction {unknown}
 B - a potion of curing {unknown}
 C - a potion of lignification
 D - a potion of flight {unknown}


   Skills:
 * Level 5.3 Fighting
 + Level 3.7 Long Blades
 + Level 5.0 Maces & Flails
 + Level 3.5 Throwing
 + Level 4.7 Armour
 + Level 4.3 Dodging
 - Level 1.3 Stealth
 + Level 2.8 Shields
 + Level 3.7 Spellcasting
 + Level 4.1 Hexes
 * Level 2.9 Invocations


You had 11 spell levels left.
You knew the following spells:

 Your Spells              Type           Power      Damage    Failure   Level
a - Slow                  Hex            44%        N/A       36%         1
b - Confusing Touch       Hex            11%        N/A       73%         3

Your spell library contained the following spells:

 Spells                   Type           Power      Damage    Failure   Level
 Static Discharge         Conj/Air       2%         N/A       97%         2
 Gell's Gravitas          Tloc           2%         N/A       99%         3
 Lesser Beckoning         Tloc           2%         N/A       99%         3
 Teleport Other           Tloc           2%         N/A       99%         3
 Vampiric Draining        Necr           2%         2d6       99%         3
 Dispel Undead            Necr           2%         3d7       100%        4
 Petrify                  Tmut/Erth      2%         N/A       100%        4
 Sticky Flame             Conj/Fire      2%         2d3       100%        4
 Metabolic Englaciation   Hex/Ice        3%         N/A       100%        5
 Statue Form              Tmut/Erth      1%         N/A       100%        6


Dungeon Overview and Level Annotations

Branches:
Dungeon (7/15)             Temple (1/1) D:4

Altars:
Ashenzari
Cheibriados
Dithmenos
Elyvilon
Fedhas
Gozag
Hepliaklqana
Kikubaaqudgha
Makhleb
Nemelex Xobeh
Okawaru
Qazlal
Ru
Sif Muna
Trog
Uskayaw
Vehumet
Wu Jian
Xom
Yredelemnul
Zin
The Shining One
Beogh

Shops:
D:5 :


Innate Abilities, Weirdness & Mutations

You are mostly covered in icy blue scales. (AC +3)
Spells you cast may paralyse adjacent enemies.


Message History

Press: ? - help, Q - select action, (/) - cycle Shift-Dir - straight line, f/p - boulder beetle
Aim: a boulder beetle (lightly wounded, rolling, slow)
The mass of ice explodes!
The iceblast engulfs the boulder beetle!
The boulder beetle is moderately wounded.
The boulder beetle hits you!!!
Ouch! That really hurt!
The boulder beetle stops rolling and uncurls.
You hit the boulder beetle but do no damage.
The boulder beetle is moderately wounded.
The boulder beetle bites you!!
* * * LOW HITPOINT WARNING * * *
You hit the boulder beetle but do no damage.
The boulder beetle is moderately wounded.
You block the boulder beetle's attack.
You hit the boulder beetle but do no damage.
You drain the boulder beetle.
The boulder beetle is moderately wounded.
The boulder beetle barely misses you.
You hit the boulder beetle but do no damage.
The boulder beetle is moderately wounded.
The boulder beetle waves its antennae.
The boulder beetle bites you but does no damage.
You sock the boulder beetle!
The boulder beetle is moderately wounded.
The boulder beetle leaps!
You hit the centaur skeleton.
The centaur skeleton is lightly damaged.
You block the centaur skeleton's attack. x2
The centaur skeleton hits you but does no damage.
The centaur skeleton kicks you but does no damage.
The boulder beetle is no longer moving slowly.
The centaur skeleton closely misses you.
The centaur skeleton kicks you but does no damage.
The boulder beetle curls into a ball and begins rolling!
The centaur skeleton is engulfed in freezing vapours.
You block the centaur skeleton's attack.
The centaur skeleton kicks you but does no damage.
The boulder beetle hits you!!
You die...

####.###.........#.....
#####......................
###..............°:..........
###[...............°...........
......####........○..#.........
<..#### #####>####○##.........
.### #..##○............ ##
####.##B.°##......... #
#.....@Z..####..#.... ##
#.#.#.#.#.# ### ... .##
#.........###.### . .(##
#.#.#.#.#........ ...##
#..........#.#... ....##
#.#.#.#.#..# .. .....#
##.........## ## .##..##
#..#.#.#.#.# ###...#
#..........#


You could see a boulder beetle (rolling, drained) and a centaur skeleton.

Vanquished Creatures
  Maggie (D:6)
  Grinder (D:6)
  Eustachio (D:6)
  4 yaks
  Edmund (D:4)
  2 ice beasts
  A necrophage (D:5)
  A black bear (D:5)
  2 ogres
  A kobold brigand (D:6)
  A gnoll sergeant (D:6)
  4 scorpions
  A water moccasin zombie (D:6)
  4 killer bees
  3 hounds
  5 jellies
  2 orc priests (D:5)
  2 centaur skeletons
  2 iguanas
  An orc wizard (D:5)
  A hound zombie (D:4)
  A hound skeleton (D:4)
  3 gnolls
  6 adders
  5 worms
  2 dart slugs
  10 orcs
  3 endoplasms
  5 giant cockroaches
  3 goblins
  9 hobgoblins
  17 kobolds
  3 quokkas
  5 ball pythons
  3 bats
  2 frilled lizards
  A jackal skeleton (D:4)
  3 rats
122 creatures vanquished.

Vanquished Creatures (others)
  4 plants (Temple)
4 creatures vanquished.

Grand Total: 126 creatures vanquished

Notes
Turn   | Place    | Note
-------+----------+-------------------------------------------
     0 | D:1      | SmokeWeed the Demonspawn Gladiator began the quest for the
                  | Orb.
     0 | D:1      | Reached XP level 1. HP: 16/16 MP: 1/1
   440 | D:1      | Gained mutation: You are partially covered in icy blue
                  | scales. (AC +2) [demonic ancestry]
   440 | D:1      | Reached XP level 2. HP: 19/22 MP: 2/2
   778 | D:1      | Found a faded altar of an unknown god.
  1379 | D:2      | Learned a level 1 spell: Slow
  1606 | D:2      | Reached XP level 3. HP: 28/28 MP: 3/3
  2005 | D:3      | Identified a scroll of acquirement
  2005 | D:3      | Acquired 1289 gold pieces
  2017 | D:3      | Reached skill level 1 in Armour
  2017 | D:3      | Gained mutation: You are mostly covered in icy blue scales.
                  | (AC +3) [demonic ancestry]
  2017 | D:3      | Reached XP level 4. HP: 25/34 MP: 4/4
  2081 | D:3      | Reached skill level 1 in Stealth
  2308 | D:3      | Reached skill level 1 in Hexes
  2787 | D:4      | Noticed Edmund
  2808 | D:4      | Killed Edmund
  2809 | D:4      | Reached skill level 1 in Spellcasting
  2809 | D:4      | Reached XP level 5. HP: 25/41 MP: 6/6
  2979 | D:4      | Found a staircase to the Ecumenical Temple.
  3001 | D:4      | Reached XP level 6. HP: 46/47 MP: 6/8
  3029 | Temple   | Entered the Ecumenical Temple
  3250 | Temple   | Became a worshipper of Qazlal Stormbringer
  3591 | D:4      | Found a radiant altar of Vehumet.
  3903 | D:5      | Entered Level 5 of the Dungeon
  3970 | D:5      | Reached skill level 1 in Maces & Flails
  4008 | D:5      | Learned a level 3 spell: Confusing Touch
  4035 | D:5      | Gained mutation: Spells you cast may paralyse adjacent
                  | enemies. [demonic ancestry]
  4035 | D:5      | Reached XP level 7. HP: 15/52 MP: 10/10
  4037 | D:5      | Reached * piety under Qazlal
  4593 | D:5      | Found Mouram's Book Shop.
  5170 | D:6      | Noticed Grinder
  5171 | D:6      | Noticed Eustachio
  5174 | D:6      | Paralysed by Grinder for 5 turns
  5176 | D:6      | Reached XP level 8. HP: 60/60 MP: 11/11
  5435 | D:6      | Paralysed by Grinder for 4 turns
  5636 | D:6      | Paralysed by Grinder for 5 turns
  5642 | D:6      | Paralysed by Grinder for 4 turns
  5647 | D:6      | Killed Grinder
  5648 | D:6      | Reached skill level 1 in Shields
  5666 | D:6      | Killed Eustachio
  5666 | D:6      | Reached ** piety under Qazlal
  6191 | D:7      | Noticed a boulder beetle
  6531 | D:6      | Reached XP level 9. HP: 66/66 MP: 14/14
  6588 | D:6      | Noticed Maggie
  6602 | D:6      | Killed Maggie
  6893 | D:7      | Reached skill level 5 in Fighting
  6997 | D:6      | Reached skill level 1 in Invocations
  7382 | D:7      | Reached skill level 5 in Maces & Flails
  7417 | D:7      | Demolished by a boulder beetle

Illustrated notes

Levels and vault maps discovered:
D:1:      minmay_arrival_widening_spiral_wide, layout_loops_ring,
          hellmonk_ecumenical_altar_defaced_shrine,
          corexii_item_surrounded_by_moat, minmay_pentomino_p2
D:2:      layout_basic, hex_tiny
D:3:      layout_rooms, minmay_misc_feat_columns, minmay_misc_feat_square
D:4:      layout_rooms, fiery_altar_vehumet, temple_fountains,
          minmay_close_crescents, uniq_edmund
D:5:      layout_basic, serial_shops, nicolae_shop_hallway_plus
D:6:      layout_gridville, uniq_eustachio, uniq_grinder, uniq_maggie
D:7:      layout_layer_cave, ebering_ghost_reflecting_pool, serial_glass,
          glass_columns_a, glass_columns_a, glass_columns_c, feat_on_display,
          minmay_strange_pillars, minmay_strange_pillars, item_on_display_a,
          uniq_crazy_yiuf_cottage
Temple:   mainiacjoe_temple_circle_huts

Skill      XL: |  1  2  3  4  5  6  7  8  9 |
---------------+----------------------------+-----
Long Blades    | 3 |  3.7
Armour         | 1 2 3 4 |  4.7
Stealth        | 1 |  1.3
Hexes          | 1 2 3 4 |  4.1
Throwing       | 2 3 |  3.5
Fighting       | 3 4 5 |  5.3
Spellcasting   | 1 2 3 |  3.7
Dodging        | 3 4 |  4.3
Maces & Flails | 1 2 3 5 |  5.0
Shields        | 2 |  2.8
Invocations    | 2 |  2.9

Action                   |  1- 3 |  4- 6 |  7- 9 || total
-------------------------+-------+-------+-------++-------
Melee: Long sword        |   107 |    70 |       ||   177
       Flail             |       |    50 |   247 ||   297
Throw: Stone             |     3 |    46 |    14 ||    63
       Throwing net      |       |     3 |     1 ||     4
       Boomerang         |       |    14 |    20 ||    34
 Cast: Slow              |       |       |     1 ||     1
Evoke: Wand              |       |       |     3 ||     3
  Use: Scroll            |     6 |     5 |       ||    11
       Potion            |       |       |     4 ||     4
 Stab: Sleeping          |     1 |       |       ||     1
       Held in net/web   |       |     1 |       ||     1
Armor: Leather armour    |    42 |     9 |    47 ||    98
       Ring mail         |       |    59 |   137 ||   196
       Skin              |       |       |     8 ||     8
Dodge: Dodged            |    90 |    76 |   185 ||   351
Block: Kite shield       |       |       |   204 ||   204

Table legend: (Time is in decaauts)
 A = Elapsed time spent in this place.
 B = Non-inter-level travel time spent in this place.
 C = Inter-level travel time spent in this place.
 D = Time resting spent in this place.
 E = Time spent auto-exploring this place.
 F = Levels seen in this place.
 G = Mean time per level.
                   A        B        C        D        E       F      G
               +--------+--------+--------+--------+--------+-----+--------+
         Total |   7616 |   7468 |    148 |   1121 |   4250 |   8 |  952.0 |
       Dungeon |   7208 |   7060 |    148 |   1121 |   3978 |   7 | 1029.7 |
        Temple |    407 |    407 |      0 |      0 |    272 |   1 |  407.0 |
               +--------+--------+--------+--------+--------+-----+--------+

Top non-repeatable levels by time:
     D:5: 1511 daAuts
     D:6: 1504 daAuts
     D:1: 1191 daAuts
     D:2: 835 daAuts
     D:4: 795 daAuts
     D:3: 730 daAuts
     D:7: 638 daAuts
  Temple: 407 daAuts
